 Dungeon Crawl Stone Soup version 0.23.0-28-g6fe0f4dc8b (webtiles) character file.

Game seed: 16855169209905215812

132 CrazyMind the Caller (level 4, -9/24 HPs)
             Began as a Deep Elf Summoner on Feb 25, 2019.
             Killed by divine providence
             ... invoked by an orc priest
              (13 damage)
             ... on level 4 of the Dungeon.
             The game lasted 00:22:19 (4249 turns).

CrazyMind the Caller (Deep Elf Summoner)            Turns: 4249, Time: 00:22:20

Health: -9/24      AC:  3    Str:  5    XL:     4   Next: 92%
Magic:  15/21      EV: 13    Int: 21    God:
Gold:   205        SH:  0    Dex: 15    Spells: 6/12 levels left

rFire    + . .     SeeInvis .   w - +1 dagger (protect)
rCold    . . .     Gourm    .   (no shield)
rNeg     . . .     Faith    .   a - +0 robe
rPois    .         Spirit   .   x - +0 helmet
rElec    .         Reflect  .   (no cloak)
rCorr    .         Harm     .   (no gloves)
MR       .....                  (no boots)
Stlth    ++........             (no amulet)
HPRegen  0.08/turn              i - ring of magical power
MPRegen  0.17/turn              n - ring of protection from fire

@: no status effects
A: no striking features
a: no special abilities


You were on level 4 of the Dungeon.
You were not hungry.

You visited 1 branch of the dungeon, and saw 4 of its levels.

You collected 205 gold pieces.

Inventory:

Hand Weapons
 v - a +0 dagger
 w - a +1 dagger of protection (weapon)
Missiles
 m - 148 stones (quivered)
Armour
 a - a +0 robe (worn)
 x - a +0 helmet (worn)
Jewellery
 g - an uncursed amulet of faith
 i - a ring of magical power (left hand)
 k - an uncursed ring of fire
 n - a ring of protection from fire (right hand)
 o - an uncursed ring of ice
Scrolls
 f - 5 scrolls of identify {unknown}
 h - a scroll of enchant armour {unknown}
 j - 2 scrolls of random uselessness {unknown}
 l - 2 scrolls of amnesia {unknown}
 p - a scroll of teleportation {unknown}
 s - a scroll of magic mapping {unknown}
 u - 2 scrolls of enchant weapon {unknown}
Potions
 b - 2 potions of might {unknown}
 d - 2 potions of heal wounds {unknown}
 e - 2 potions of haste
 q - 5 potions of curing
 r - a potion of brilliance {unknown}
 t - a potion of mutation {unknown}
 z - a potion of degeneration {unknown}
Comestibles
 c - 11 rations
 A - a chunk of flesh


   Skills:
 + Level 0.2 Fighting
 + Level 0.8 Short Blades
 + Level 2.6 Dodging
 + Level 3.0 Stealth
 * Level 4.5 Spellcasting
 * Level 5.7 Summonings


You had 6 spell levels left.
You knew the following spells:

 Your Spells              Type           Power        Failure   Level  Hunger
a - Summon Small Mammal   Summ           ####         1%          1    None
b - Call Imp              Summ           ####....     1%          2    #......
c - Call Canine Familiar  Summ           ####....     3%          3    ##.....

Your spell library contained the following spells:

 Spells                   Type           Power        Failure   Level  Hunger
 Summon Guardian Golem    Hex/Summ       ###.....     11%         3    ##.....
 Summon Ice Beast         Ice/Summ       ###.....     34%         4    ####...
 Summon Lightning Spire   Summ/Air       ###.....     34%         4    ####...


Dungeon Overview and Level Annotations

Branches:
Dungeon (4/15)
 Temple: D:4-7

Altars:
Gozag


Message History

Your hound barely misses the orc priest.
The orc priest invokes the aid of Beogh against you.
Beogh smites you!
* * * LOW HITPOINT WARNING * * *
Your hound misses the orc priest.
Your crimson imp blinks!
The orc priest hits your hound but does no damage.
Your hound bites the orc priest.
Your iron imp hits the orc priest!
The orc hits your iron imp with a +0 dagger.
Your white imp gestures at the orc priest.
The puff of frost hits the orc priest.
Something hits your iron imp but does no damage. x2
Your white imp gestures at the orc priest.
The puff of frost hits the orc priest!
Something barely misses your crimson imp.
There is a stone staircase leading up here.
The orc priest calls down the wrath of Beogh upon you.
Beogh smites you!
Ouch! That really hurt!
You die...

#..............
#..............
#...รท..........
#.....#......##
##.###.#..###...
##.. #...## #.##
...#####.#####.#
####.#.....#.....#
#.@......#...#####
##h5.....#...#
#.......##..#####.
+.................
#.......##..######
#...5.o.##...#
#.##..##o...#.#
#.. ##...#..##.#
#.# ###.....#.#


You could see an orc priest, an orc, a friendly hound, a friendly crimson imp
and a friendly white imp.

Vanquished Creatures
  Terence (D:2)
  An adder skeleton (D:4)
  A dart slug (D:4)
  A leopard gecko (D:4)
  5 bats
  A giant cockroach (D:3)
  4 hobgoblins
  2 jackals
  3 kobolds
  A quokka (D:2)
  A frilled lizard (D:2)
  4 goblins
  5 rats
30 creatures vanquished.

Vanquished Creatures (collateral kills)
  A scorpion (D:2)
  Robin (D:3)
  2 adders
  An ooze (D:3)
  3 worms
  A dart slug (D:3)
  3 orcs (D:3)
  A bat (D:1)
  2 giant cockroaches
  10 goblins (D:3)
  8 hobgoblins
  2 jackals (D:3)
  A ball python (D:1)
  2 frilled lizards
  4 kobolds
  4 rats (D:1)
46 creatures vanquished.

Grand Total: 76 creatures vanquished

Notes
Turn   | Place    | Note
-------+----------+-------------------------------------------
     0 | D:1      | CrazyMind the Deep Elf Summoner began the quest for the
                  | Orb.
     0 | D:1      | Reached XP level 1. HP: 10/10 MP: 6/6
   631 | D:1      | Reached XP level 2. HP: 15/15 MP: 8/8
   635 | D:1      | Learned a level 2 spell: Call Imp
   788 | D:1      | Reached skill level 5 in Summonings
  1237 | D:2      | Noticed Terence
  1243 | D:2      | Found an opulent altar of Gozag.
  1248 | D:2      | Killed Terence
  1248 | D:2      | Reached XP level 3. HP: 12/19 MP: 9/9
  1592 | D:2      | Noticed a scorpion
  1634 | D:2      | Killed a scorpion
  2073 | D:2      | Reached XP level 4. HP: 24/24 MP: 12/12
  2576 | D:3      | Noticed Robin
  2585 | D:2      | Learned a level 3 spell: Call Canine Familiar
  3012 | D:3      | Killed Robin
  4249 | D:4      | Killed from afar by an orc priest

Skill      XL: |  1  2  3  4 |
---------------+-------------+-----
Summonings     | 5 |  5.7
Spellcasting   | 4 |  4.5
Stealth        | 3 |  3.0
Fighting       | |  0.2
Short Blades   | |  0.8
Dodging        | |  2.6

Action                   |  1- 3 |  4- 6 || total
-------------------------+-------+-------++-------
Melee: Short sword       |    46 |    46 ||    92
       Dagger            |       |    66 ||    66
Throw: Stone             |     1 |     2 ||     3
 Cast: Summon Small Mamm |    11 |     7 ||    18
       Call Imp          |    11 |    12 ||    23
       Call Canine Famil |       |     8 ||     8
  Use: Potion            |       |     2 ||     2
 Stab: Sleeping          |     5 |     3 ||     8
       Distracted        |     1 |     1 ||     2
  Eat: Chunk             |     4 |     7 ||    11
Armor: Robe              |     6 |    31 ||    37
Dodge: Dodged            |    30 |   117 ||   147
